 Dungeon Crawl Stone Soup version 0.21-a0-538-gd16b88a (webtiles) character file.

35 slep the Ducker (level 3, -6/32 HPs)
             Began as a Deep Dwarf Gladiator on Dec 17, 2017.
             Mangled by a worm (8 damage)
             ... on level 2 of the Dungeon.
             The game lasted 00:03:13 (535 turns).

slep the Ducker (Deep Dwarf Gladiator)               Turns: 535, Time: 00:03:14

Health: -6/32      AC:  4    Str: 17    XL:     3   Next: 16%
Magic:  3/3        EV: 14    Int:  8    God:
Gold:   34         SH:  0    Dex: 15    Spells: 2/2 levels left

rFire    . . .     SeeInvis .   a - +0 war axe
rCold    . . .     Gourm    .   (no shield)
rNeg     . . .     Faith    .   b - +0 leather armour
rPois    .         Spirit   .   c - +0 helmet
rElec    .         Reflect  .   (no cloak)
rCorr    .         Harm     .   (no gloves)
MR       .....                  (no boots)
Stlth    +.........             (no amulet)
HPRegen  0.00/turn              (no ring)
MPRegen  0.08/turn              (no ring)

@: non-regenerating
A: damage resistance, heal wounds, sense surroundings 1, no regeneration
a: Heal Wounds


You were on level 2 of the Dungeon.
You were not hungry.

You visited 1 branch of the dungeon, and saw 2 of its levels.

You collected 34 gold pieces.

Inventory:

Hand Weapons
 a - a +0 war axe (weapon)
Missiles
 d - 3 throwing nets (quivered)
Armour
 b - a +0 leather armour (worn)
 c - a +0 helmet (worn)
Scrolls
 h - a scroll of immolation {unknown}
 j - a scroll of random uselessness {unknown}
 k - 2 scrolls of remove curse {unknown}
Potions
 e - a potion of magic {unknown}
 g - 3 potions of curing {unknown}
 i - a potion of lignification {unknown}
Comestibles
 f - a bread ration


   Skills:
 + Level 2.1 Fighting
 + Level 3.8 Axes
 + Level 1.9 Throwing
 + Level 0.1 Armour
 + Level 3.9 Dodging


You had 2 spell levels left.
You didn't know any spells.

Dungeon Overview and Level Annotations

Branches:
Dungeon (2/15)

Altars:


Innate Abilities, Weirdness & Mutations

You are resistant to damage.
You can heal yourself by infusing magical energy.
You passively map a small area around you.
You do not regenerate.


Message History

* * * LOW HITPOINT WARNING * * *
You hit the hobgoblin.
The hobgoblin is almost dead.
The hobgoblin hits you but does no damage.
You closely miss the hobgoblin.
The hobgoblin is almost dead.
The hobgoblin closely misses you.
You hit the hobgoblin.
You kill the hobgoblin!
The rat bites you but does no damage.
You slash the rat!
You kill the rat!
Unknown command.
You hit the worm.
The worm is lightly wounded.
The worm barely misses you.
You hit the worm.
The worm is moderately wounded.
The worm bites you!
You die...

,* *#...###.#### * *
#,* #......... ####.*
###........
#.(..########..........
#.......<........#.....
...#.†................
, ###..........#..>..
** ###....>....#.r...
#@w.........# ....
#?..#......)..# ...
*#.###.........# ### *
,...* #.........# ..##
########### #


You could see a worm.

Vanquished Creatures
  A dart slug (D:1)
  A leopard gecko (D:1)
  2 giant cockroaches (D:1)
  7 goblins (D:1)
  3 hobgoblins
  5 kobolds (D:1)
  A quokka (D:2)
  A ball python (D:1)
  A bat (D:1)
  A frilled lizard (D:1)
  5 rats
28 creatures vanquished.

Notes
Turn   | Place    | Note
-------+----------+-------------------------------------------
     0 | D:1      | slep the Deep Dwarf Gladiator began the quest for the Orb.
     0 | D:1      | Reached XP level 1. HP: 19/19 MP: 1/1
    49 | D:1      | Reached XP level 2. HP: 17/26 MP: 2/2
   291 | D:1      | Reached XP level 3. HP: 4/32 MP: 3/3
   535 | D:2      | Mangled by a worm

Vault maps used:
D:1:      lightli_arrival_statue_moat
D:2:      old_standard_altar

Skill      XL: |  1  2 |
---------------+-------+-----
Fighting       | 2 |  2.1
Axes           | |  3.8
Throwing       | |  1.9
Armour         | |  0.1
Dodging        | |  3.9

Action                   || total
-------------------------++-------
Melee: War axe           ||    82
  Use: Potion            ||     1
 Stab: Sleeping          ||     2
Armor: Leather armour    ||    26
Dodge: Dodged            ||    52

Table legend:
 A = Spawn XP
 B = Non-spawn XP
 C = Spawn XP percentage of total XP
 D = Spawn monster count
 E = Non-spawn monster count
 F = Spawn count percentage of total count
 G = Total turns spent on level
                    A         B        C        D         E        F      G
               +---------+---------+-------+---------+---------+-------+---------
         Total |       0 |      50 |   0.0 |       0 |      28 |   0.0 |   535
               +---------+---------+-------+---------+---------+-------+---------
           D:1 |       0 |      45 |   0.0 |       0 |      25 |   0.0 |   495
           D:2 |       0 |       5 |   0.0 |       0 |       3 |   0.0 |    40
               +---------+---------+-------+---------+---------+-------+---------
